 Dungeon Crawl Stone Soup version 0.27-a0-1590-g15f69828bf (webtiles) character file.

Game seed: 10717026171497306883

2162 pokeman the Thaumaturge (level 9, -7/48 HPs)
             Began as a Deep Elf Hedge Wizard on July 18, 2021.
             Was an Initiate of Vehumet.
             Shot with a bolt by an orc warrior (9 damage)
             ... in a bailey on July 19, 2021.
             The game lasted 00:17:17 (8984 turns).

pokeman the Thaumaturge (Deep Elf Hedge Wizard)     Turns: 8984, Time: 00:17:18

Health: -7/48      AC:  7    Str:  7    XL:     9   Next: 10%
Magic:  20/25      EV: 12    Int: 23    God:    Vehumet [......]
Gold:   271        SH:  0    Dex: 14    Spells: 13/29 levels left

rFire    . . .     SeeInvis .   v - +2 dagger (venom)
rCold    . . .     Faith    .   (no shield)
rNeg     . . .     Spirit   .   r - +0 leather armour
rPois    .         Reflect  .   s - +0 helmet
rElec    .         Harm     .   u - +2 cloak {rCorr}
rCorr    +         Rampage  .   (no gloves)
Will     .....                  (no boots)
Stlth    +.........             (no amulet)
HPRegen  0.16/turn              G - ring of wizardry
MPRegen  0.19/turn              (no ring)

@: very slow
A: no striking features
a: Renounce Religion


You were in a bailey.
You worshipped Vehumet.
Vehumet was noncommittal.
You visited 2 branches of the dungeon, and saw 8 of its levels.
You also visited: Bailey.

You collected 271 gold pieces.

Inventory:

Hand Weapons
 t - a +3 quarterstaff of chaos
 v - a +2 dagger of venom (weapon)
Missiles
 d - 108 bolts
 i - 71 arrows
Armour
 r - a +0 leather armour (worn)
 s - a +0 helmet (worn)
 u - a +2 cloak of preservation (worn)
Jewellery
 G - a ring of wizardry (left hand)
Wands
 c - a wand of charming (11)
 x - a wand of acid (5)
 D - a wand of digging (4)
Scrolls
 b - a scroll of vulnerability {unknown}
 f - a scroll of blinking {unknown}
 g - 2 scrolls of enchant armour {unknown}
 k - 3 scrolls of identify {unknown}
 m - 2 scrolls of magic mapping {unknown}
 p - a scroll of teleportation {unknown}
 y - a scroll of enchant weapon {unknown}
 B - a scroll of immolation {unknown}
 C - a scroll of amnesia {unknown}
 E - a scroll of fog {unknown}
Potions
 a - a potion of magic {unknown}
 e - a potion of experience {unknown}
 h - a potion of curing
 j - 2 potions of degeneration {unknown}
 l - 3 potions of heal wounds {unknown}
 n - 2 potions of mutation {unknown}
 o - a potion of might {unknown}
 q - 2 potions of brilliance {unknown}
 w - a potion of invisibility {unknown}
 z - a potion of ambrosia {unknown}
 A - a potion of haste {unknown}
 F - a potion of flight {unknown}


   Skills:
 + Level 2.1 Fighting
 - Level 3.0 Armour
 - Level 3.0 Dodging
 - Level 3.0 Stealth
 * Level 10.7 Spellcasting
 + Level 5.8 Conjurations
 - Level 1.1 Summonings
 - Level 1.1 Translocations
 + Level 0.3 Transmutations
 + Level 5.0 Fire Magic
 - Level 1.0 Air Magic
 + Level 0.5 Earth Magic
 - Level 1.0 Poison Magic
 - Level 1.3 Evocations


You had 13 spell levels left.
You knew the following spells:

 Your Spells              Type           Power      Damage    Failure   Level
a - Magic Dart            Conj           100%       1d8       1%          1
b - Mephitic Cloud        Conj/Pois/Air  24%        N/A       3%          3
c - Call Imp              Summ           17%        N/A       3%          2
d - Blink                 Tloc           N/A        N/A       3%          2
e - Conjure Flame         Conj/Fire      37%        6-21      1%          3
f - Passwall              Tmut/Erth      11%        N/A       4%          2
g - Swiftness             Air            17%        N/A       6%          3

Your spell library contained the following spells:

 Spells                   Type           Power      Damage    Failure   Level
 Slow                     Hex            12%        N/A       4%          2
 Invisibility             Hex            6%         N/A       98%         6


Dungeon Overview and Level Annotations

Branches:
Dungeon (7/15)             Temple (1/1) D:6          Bailey (1/1)

Altars:
Ashenzari
Cheibriados
Dithmenos
Elyvilon
Fedhas
Gozag
Hepliaklqana
Kikubaaqudgha
Makhleb
Nemelex Xobeh
Okawaru
Qazlal
Ru
Sif Muna
Trog
Uskayaw
Vehumet
Wu Jian
Xom
Yredelemnul
Zin
The Shining One


Message History

Press: ? - help, Shift-Dir - straight line, f/p - orc
Aim: an orc, wielding a +0 arbalest, wearing a +0 ring mail and quivering bolts (heavily wounded, 100% to hit)
The magic dart hits the orc.
The orc is almost dead.
The orc shoots a bolt.
The bolt barely misses you.
Casting: Magic Dart (safe; 1% risk of failure)
Confirm with . or Enter, or press ? or * to list all spells.
Aiming: Magic Dart (safe; 1% risk of failure)
Press: ? - help, Shift-Dir - straight line, f/p - orc
Aim: an orc, wielding a +0 arbalest, wearing a +0 ring mail and quivering bolts (almost dead, 100% to hit)
The magic dart hits the orc.
You kill the orc!
Vehumet accepts your kill.
An orc comes into view. It is wielding a +0 arbalest.
Casting: Magic Dart (safe; 1% risk of failure)
Confirm with . or Enter, or press ? or * to list all spells.
Aiming: Magic Dart (safe; 1% risk of failure)
Press: ? - help, Shift-Dir - straight line, f - orc
Aim: an orc, wielding a +0 arbalest, wearing a +0 scale mail and quivering bolts (100% to hit)
The magic dart hits the orc.
The orc is heavily wounded.
An orc warrior comes into view. It is wielding a +0 arbalest.
Unknown command.
An orc comes into view. It is wielding a +0 arbalest.
Found a gate leading back out of this place.
The orc shouts!
The orc warrior shoots a bolt.
The bolt hits you!
You enter the shallow water.
Moving in this stuff is going to be slow.
The orc shoots a bolt.
The bolt barely misses you.
The orc warrior shoots a bolt.
The bolt hits you!!
* * * LOW HITPOINT WARNING * * *
The orc shoots a bolt.
The bolt hits you!
* * * LOW HITPOINT WARNING * * *
Casting: Magic Dart (safe; 1% risk of failure)
Confirm with . or Enter, or press ? or * to list all spells.
You blink.
Splash!
The orc warrior shoots a bolt.
The bolt hits you!
You die...

######################
........................
........................
........................
........................
........................
........................
≈≈≈≈≈≈≈≈≈≈≈≈≈≈§≈≈≈≈≈≈≈≈≈
≈≈≈≈≈≈≈≈≈≈≈≈≈≈≈≈@≈≈#.#
#≈≈≈≈≈≈≈≈≈≈≈≈≈≈≈≈≈##
)≈≈≈≈≈≈≈≈≈≈≈≈≈≈≈≈≈oo
#≈≈≈≈≈≈≈≈≈≈≈≈≈≈≈≈≈#∩.#
≈≈≈≈≈≈≈≈###≈≈≈≈≈≈≈o#.#
≈≈≈≈≈#### ####≈≈≈≈≈≈≈≈≈
##≈≈≈≈≈≈≈≈≈ ##≈≈≈≈≈ ≈≈


You could see an orc warrior and 2 orcs.

Vanquished Creatures
  A centaur zombie (D:5)
  A vampire (D:5)
  A water moccasin (D:5)
  An orc warrior (Bailey)
  An ice beast (D:6)
  A black bear (D:4)
  2 necrophages (D:6)
  2 ogres
  A gnoll sergeant (D:6)
  3 killer bees (D:5)
  Crazy Yiuf (D:3)
  3 hounds
  A jelly (D:5)
  An orc priest (D:5)
  Natasha (thrice) (D:4)
  6 iguanas
  2 orc wizards (D:4)
  9 gnolls
  3 adders (D:3)
  An ufetubus (D:4)
  An adder skeleton (D:4)
  3 worms
  2 dart slugs
  24 orcs
  6 ball pythons
  5 bats
  7 endoplasms
  7 giant cockroaches
  11 goblins
  5 hobgoblins
  2 quokkas (D:1)
  4 frilled lizards
  7 kobolds
  6 rats (D:1)
134 creatures vanquished.

Vanquished Creatures (collateral kills)
  2 killer bees (D:5)
  A white imp (D:5)
3 creatures vanquished.

Vanquished Creatures (others)
  28 plants (D:4)
28 creatures vanquished.

Grand Total: 165 creatures vanquished

Notes
Turn   | Place    | Note
-------+----------+-------------------------------------------
     0 | D:1      | pokeman the Deep Elf Hedge Wizard began the quest for the
                  | Orb.
     0 | D:1      | Reached XP level 1. HP: 10/10 MP: 7/7
   403 | D:1      | Found a faded altar of an unknown god.
   406 | D:1      | Reached XP level 2. HP: 15/15 MP: 6/9
   864 | D:1      | Reached skill level 5 in Spellcasting
  1157 | D:1      | Reached XP level 3. HP: 20/20 MP: 7/11
  1161 | D:1      | Learned a level 3 spell: Mephitic Cloud
  1164 | D:1      | Learned a level 2 spell: Call Imp
  1167 | D:1      | Learned a level 2 spell: Blink
  1171 | D:1      | Learned a level 3 spell: Conjure Flame
  2624 | D:3      | Reached skill level 1 in Fighting
  2710 | D:3      | Reached skill level 1 in Armour
  2912 | D:3      | Reached XP level 4. HP: 25/25 MP: 8/13
  3341 | D:3      | Reached skill level 1 in Poison Magic
  3450 | D:3      | Found a runed translucent door.
  3451 | D:3      | Noticed Crazy Yiuf
  3650 | D:3      | Reached skill level 6 in Spellcasting
  4080 | D:3      | Killed Crazy Yiuf
  4081 | D:3      | Reached XP level 5. HP: 11/29 MP: 2/15
  4452 | D:4      | Reached skill level 1 in Air Magic
  4653 | D:4      | Noticed Natasha
  4662 | D:4      | Killed Natasha
  4809 | D:4      | Noticed an ogre
  4818 | D:4      | Killed an ogre
  4819 | D:4      | Reached skill level 7 in Spellcasting
  4819 | D:4      | Reached skill level 1 in Fire Magic
  4819 | D:4      | Reached XP level 6. HP: 34/34 MP: 9/18
  4948 | D:4      | Reached skill level 1 in Evocations
  5042 | D:4      | Noticed Natasha
  5050 | D:4      | Killed Natasha
  5338 | D:4      | Noticed Natasha
  5351 | D:4      | Killed Natasha
  5352 | D:4      | Reached XP level 7. HP: 38/38 MP: 14/20
  5464 | D:5      | Entered Level 5 of the Dungeon
  5658 | D:5      | Reached skill level 8 in Spellcasting
  5743 | D:5      | Noticed a vampire
  5786 | D:5      | Killed a vampire
  5934 | D:5      | Reached skill level 9 in Spellcasting
  5934 | D:5      | Reached XP level 8. HP: 36/44 MP: 20/23
  6126 | D:5      | Reached skill level 5 in Conjurations
  6427 | D:5      | Found a sacrificial altar of Ru.
  6741 | D:5      | Learned a level 2 spell: Passwall
  6745 | D:5      | Learned a level 3 spell: Swiftness
  7146 | D:6      | Found a staircase to the Ecumenical Temple.
  7177 | D:6      | Reached skill level 10 in Spellcasting
  7650 | Temple   | Entered the Ecumenical Temple
  7876 | Temple   | Became a worshipper of Vehumet
  8205 | D:6      | Reached XP level 9. HP: 48/48 MP: 10/25
  8775 | D:7      | Found a flagged portal.
  8798 | Bailey   | Entered a bailey
  8823 | Bailey   | Reached skill level 5 in Fire Magic
  8983 | Bailey   | HP: 2/48 [orc/bolt (12)]
  8984 | Bailey   | Shot with a bolt by an orc warrior

Illustrated notes

Levels and vault maps discovered:
D:1:      lightli_arrival_isolated_outpost, layout_loops_ring,
          shapermc_ecumenical_altar_acropolis
D:2:      layout_basic, hangedman_decor_points
D:3:      layout_loops_corners, hangedman_feature_mirror, minmay_misc_feat_x,
          kennysheep_big_empty_room, uniq_crazy_yiuf_cottage
D:4:      layout_rooms, serial_curves, eino_curves_01, eino_curves_02,
          serial_bayou_lagoon_a, minmay_misc_feat_square, uniq_natasha
D:5:      layout_basic, nicolae_ru_sacrificial_ziggurat
D:6:      layout_loops_ring, minmay_temple_entry_tees
D:7:      layout_loops_ring, enter_bailey_3, grunt_ministairs_6, uniq_harold
Temple:   kilobyte_greek_temple
Bailey:   bailey_polearm_2, bailey

Skill      XL: |  1  2  3  4  5  6  7  8  9 |
---------------+----------------------------+-----
Spellcasting   | 5 6 7 9 10 | 10.7
Conjurations   | 2 3 4 5 |  5.8
Fighting       | 1 2 |  2.1
Armour         | 1 2 3 |  3.0
Poison Magic   | 1 |  1.0
Dodging        | 3 |  3.0
Air Magic      | 1 |  1.0
Stealth        | 3 |  3.0
Fire Magic     | 1 2 3 4 5 |  5.0
Evocations     | 1 |  1.3
Summonings     | |  1.1
Translocations | |  1.1
Transmutations | |  0.3
Earth Magic    | |  0.5

Action                   |  1- 3 |  4- 6 |  7- 9 || total
-------------------------+-------+-------+-------++-------
Melee: Dagger            |    11 |    24 |    35 ||    70
       Mace              |       |    30 |       ||    30
 Cast: Magic Dart        |   160 |    99 |   163 ||   422
       Mephitic Cloud    |       |     7 |    14 ||    21
       Conjure Flame     |       |     2 |     9 ||    11
       Call Imp          |       |     1 |     3 ||     4
       Blink             |       |       |     2 ||     2
Evoke: Wand              |       |       |     4 ||     4
 Stab: Confused          |       |     3 |     2 ||     5
Armor: Robe              |     8 |     1 |       ||     9
       Leather armour    |       |    27 |    26 ||    53
Dodge: Dodged            |    29 |    37 |    55 ||   121

Table legend: (Time is in decaauts)
 A = Elapsed time spent in this place.
 B = Non-inter-level travel time spent in this place.
 C = Inter-level travel time spent in this place.
 D = Time resting spent in this place.
 E = Time spent auto-exploring this place.
 F = Levels seen in this place.
 G = Mean time per level.
                   A        B        C        D        E       F      G
               +--------+--------+--------+--------+--------+-----+--------+
         Total |   9012 |   8753 |    259 |    659 |   7007 |   9 | 1001.3 |
       Dungeon |   8558 |   8338 |    220 |    599 |   6701 |   7 | 1222.6 |
        Temple |    266 |    227 |     39 |      0 |    210 |   1 |  266.0 |
        Bailey |    186 |    186 |      0 |     60 |     96 |   1 |  186.0 |
               +--------+--------+--------+--------+--------+-----+--------+

Top non-repeatable levels by time:
     D:3: 1902 daAuts
     D:5: 1635 daAuts
     D:6: 1385 daAuts
     D:1: 1374 daAuts
     D:4: 1145 daAuts
     D:2: 1066 daAuts
  Temple: 266 daAuts
  Bailey: 186 daAuts
     D:7: 48 daAuts
